 Dungeon Crawl Stone Soup version 0.29.1-14-g9c671dbff4 (webtiles) character file.

Game seed: 17654407166311336337

2626495 CrazyMind the Executioner (level 27, 418/418 HPs)
             Began as a Naga Gladiator on Feb 1, 2023.
             Was a High Priest of Zin.
             Escaped with the Orb
             ... and 5 runes on Feb 12, 2023!
             The game lasted 10:53:51 (96842 turns).

CrazyMind the Executioner (Naga Gladiator)         Turns: 96842, Time: 10:53:52

Health: 418/418    AC: 49    Str: 29    XL:     27
Magic:  37/37      EV: 12    Int: 14    God:    Zin [*****.]
Gold:   3440       SH: 12    Dex: 19    Spells: 26/26 levels left

rFire   + + .      SeeInvis +   a - +9 broad axe (holy)
rCold   + + .      Faith    .   Z - +3 warlock's mirror {reflect}
rNeg    + + .      Spirit   .   o - +9 chain mail of Death's Door {Contam rF+ Int+4}
rPois   +          Reflect  +   m - +2 helmet of a Labyrinth {Will+ Regen+}
rElec   +          Harm     .   V - +2 cloak {rPois}
rCorr   +          Rampage  .   u - +0 pair of fencer's gloves {Riposte Dex+3}
Will    +++++      Clarity  +   q - +6 lightning scales {swift, rElec}
Stlth   ..........              U - amulet of the Four Winds {rN+ Will+++ Clar}
HPRegen 1.59/turn               n - ring of Zeluaset {rElec rN+ Will+ Str+3 Dex-2}
MPRegen 0.25/turn               J - ring of the Lily {rElec rC+ Int+2}

@: mighty, berserking, resistant, flying, hasted, studying 3 skills, invisible,
quick
A: AC +9, large, see invisible, deformed body, poison resistance, slowness 2,
spit poison 1, naga tail 2
0: Orb of Zot
}: 5/15 runes: decaying, serpentine, slimy, silver, abyssal
a: Spit Poison, Renounce Religion, Recite, Vitalisation, Imprison, Sanctuary,
Donate Gold


You escaped.
You worshipped Zin.
Zin was extremely pleased with you.
You visited 13 branches of the dungeon, and saw 57 of its levels.
You visited Pandemonium 1 time, and saw 1 of its levels.
You visited the Abyss 1 time.
You visited 1 bazaar.
You also visited: Bailey and Desolation.

You collected 11251 gold pieces.
You spent 6062 gold pieces at shops.
You donated 1749 gold pieces to Zin.

Inventory:

Hand Weapons
 a - a +9 broad axe of holy wrath (weapon)
 b - the +18 lance "Wyrmbane" {slay drac, rPois rF+ rC+ AC+3}
   (You took it off Margery in the Arena)

   It inflicts extra damage against dragons and draconians.
   AC:        It affects your AC (+3).
   rF:        It protects you from fire.
   rC:        It protects you from cold.
   rPois:     It protects you from poison.
Missiles
 d - 7 throwing nets
 p - 16 javelins
 s - 17 silver javelins
 y - 21 curare-tipped darts
 C - 20 boomerangs (quivered)
 F - 13 atropa-tipped darts
 K - 76 poisoned darts
 M - 6 boomerangs of dispersal
Armour
 m - the +2 helmet of a Labyrinth (worn) {Will+ Regen+}
   (You found it in the Desolation of Salt)

   Regen:     It increases your rate of health regeneration.
   Will:      It increases your willpower.
 o - the +9 chain mail of Death's Door (worn) {Contam rF+ Int+4}
   (You found it on level 2 of the Dungeon)

   Int:       It affects your intelligence (+4).
   rF:        It protects you from fire.
   Contam:    It causes magical contamination when unequipped.
 q - the +6 lightning scales (worn) {swift, rElec}
   (You found it in the Desolation of Salt)

   It allows the wearer to cover ground more swiftly.
   rElec:     It insulates you from electricity.
 u - the +0 pair of fencer's gloves (worn) {Riposte Dex+3}
   (You bought it in a shop on level 3 of the Depths)

   It allows the wearer to riposte with melee weapons, swiftly retaliating
   against missed or blocked melee attacks.
   Dex:       It affects your dexterity (+3).
 V - a +2 cloak of poison resistance (worn)
 Z - the +3 warlock's mirror (worn) {reflect}
   (You bought it in a shop on level 3 of the Depths)

   It can block and reflect piercing ranged attacks and magical attacks against
   the wielder's willpower.
Jewellery
 e - a ring of protection from cold
 n - the ring of Zeluaset (left hand) {rElec rN+ Will+ Str+3 Dex-2}
   (You found it on level 3 of the Crypt)

   [ring of positive energy]

   Str:       It affects your strength (+3).
   Dex:       It affects your dexterity (-2).
   rElec:     It insulates you from electricity.
   rN:        It protects you from negative energy.
   Will:      It increases your willpower.
 z - the ring of Lerchiwkyo {rCorr MP+9 Str+3 Int+6}
   (You found it on level 3 of the Crypt)

   [ring of intelligence]

   Str:       It affects your strength (+3).
   Int:       It affects your intelligence (+6).
   MP:        It affects your magic capacity (+9).
   rCorr:     It protects you from acid and corrosion.
 J - the ring of the Lily (right hand) {rElec rC+ Int+2}
   (You took it off a deep elf pyromancer on level 3 of the Elven Halls)

   [ring of protection from cold]

   Int:       It affects your intelligence (+2).
   rC:        It protects you from cold.
   rElec:     It insulates you from electricity.
 U - the amulet of the Four Winds (around neck) {rN+ Will+++ Clar}
   (You took it off a deep elf pyromancer on level 3 of the Elven Halls)

   [amulet of nothing]

   rN:        It protects you from negative energy.
   Clar:      It protects you against confusion.
   Will:      It greatly increases your willpower.
 W - the ring of the Growing Gods {rF+ Str+6}
   (You took it off a deep elf pyromancer on level 3 of the Elven Halls)

   [ring of strength]

   Str:       It affects your strength (+6).
   rF:        It protects you from fire.
Wands
 i - a wand of digging (6)
 t - a wand of charming (39)
 E - a wand of flame (84)
 I - a wand of light (16)
 L - a wand of mindburst (17)
 X - a wand of iceblast (18)
Scrolls
 c - 7 scrolls of silence
 k - 9 scrolls of fear
 w - 8 scrolls of blinking
 x - 7 scrolls of fog
 B - 12 scrolls of magic mapping
 N - 2 scrolls of summoning
 P - 3 scrolls of poison
 S - 15 scrolls of teleportation
Potions
 f - 8 potions of haste
 j - 3 potions of resistance
 r - 11 potions of curing
 v - 9 potions of attraction
 A - 2 potions of heal wounds
 G - 3 potions of might
 H - a potion of invisibility
 O - 2 potions of berserk rage
 Q - 4 potions of cancellation
 R - 8 potions of mutation
Miscellaneous
 D - a phantom mirror
 Y - a phial of floods


   Skills:
 + Level 22.5 Fighting
 + Level 25.2(26.5) Axes
 - Level 14.9(21.7) Polearms
 * Level 13.8 Throwing
 + Level 15.3 Armour
 + Level 12.8 Dodging
 + Level 21.6 Stealth
 + Level 18.3 Shields
 * Level 21.6 Invocations
 + Level 13.5 Evocations


You had 26 spell levels left.
You didn't know any spells.
Your spell library contained the following spells:

 Spells                   Type           Power      Damage    Failure   Level
 Apportation              Tloc           0%         N/A       71%         1
 Beastly Appendage        Tmut           0%         N/A       71%         1
 Foxfire                  Conj/Fire      0%         2x1d4     71%         1
 Magic Dart               Conj           0%         1d3       71%         1
 Necrotise                Necr           0%         1d4       71%         1
 Shock                    Conj/Air       0%         1d3       71%         1
 Slow                     Hex            0%         N/A       71%         1
 Sting                    Tmut/Pois      0%         1d3       71%         1
 Summon Small Mammal      Summ           0%         N/A       71%         1
 Ensorcelled Hibernation  Hex/Ice        0%         N/A       83%         2
 Passwall                 Tmut/Erth      0%         N/A       83%         2
 Poisonous Vapours        Pois/Air       0%         N/A       83%         2
 Searing Ray              Conj           0%         2d4       83%         2
 Static Discharge         Conj/Air       0%         3-3/arc   83%         2
 Sublimation of Blood     Necr           0%         N/A       83%         2
 Wereblood                Tmut           0%         N/A       83%         2
 Call Canine Familiar     Summ           0%         N/A       97%         3
 Confusing Touch          Hex            0%         N/A       97%         3
 Conjure Flame            Conj/Fire      0%         6-21      97%         3
 Dazzling Flash           Conj/Hex       0%         N/A       97%         3
 Frozen Ramparts          Ice            0%         1d1       97%         3
 Gell's Gravitas          Tloc           0%         N/A       97%         3
 Ignite Poison            Fire/Tmut/Pois 0%         N/A       97%         3
 Inner Flame              Hex/Fire       0%         N/A       97%         3
 Mephitic Cloud           Conj/Pois/Air  0%         N/A       97%         3
 Spider Form              Tmut/Pois      0%         N/A       97%         3
 Stone Arrow              Conj/Erth      0%         3d7       97%         3
 Summon Guardian Golem    Hex/Summ       0%         N/A       97%         3
 Swiftness                Air            0%         N/A       97%         3
 Vampiric Draining        Necr           0%         2d6       97%         3
 Airstrike                Air            0%         2d(0-16)  100%        4
 Anguish                  Hex/Necr       0%         N/A       100%        4
 Animate Armour           Summ/Erth      0%         N/A       100%        4
 Corpse Rot               Necr/Pois/Air  0%         N/A       100%        4
 Dispel Undead            Necr           0%         3d6       100%        4
 Flame Wave               Conj/Fire      0%         2d4       100%        4
 Fulminant Prism          Conj/Hex       0%         3d6       100%        4
 Hailstorm                Conj/Ice       0%         3d3       100%        4
 Ice Form                 Ice/Tmut       0%         N/A       100%        4
 Iskenderun's Mystic Bla  Conj/Tloc      0%         2d3       100%        4
 Passage of Golubria      Tloc           0%         N/A       100%        4
 Sticky Flame             Conj/Fire      0%         2d3       100%        4
 Summon Ice Beast         Ice/Summ       0%         N/A       100%        4
 Summon Lightning Spire   Summ/Air       0%         N/A       100%        4
 Blade Hands              Tmut           0%         N/A       100%        5
 Fireball                 Conj/Fire      0%         3d3       100%        5
 Freezing Cloud           Conj/Ice/Air   0%         6-21      100%        5
 Irradiate                Conj/Tmut      0%         3d11      100%        5
 Iskenderun's Battlesphe  Conj           0%         2d6       100%        5
 Lee's Rapid Deconstruct  Erth           0%         3d5*      100%        5
 Summon Forest            Summ/Tloc      0%         N/A       100%        5
 Conjure Ball Lightning   Conj/Air       0%         3x3d6     100%        6
 Death Channel            Necr           0%         N/A       100%        6
 Iron Shot                Conj/Erth      0%         9d1       100%        6
 Simulacrum               Ice/Necr       0%         N/A       100%        6
 Starburst                Conj/Fire      0%         6d3       100%        6
 Dragon Form              Tmut           0%         N/A       100%        7
 Haunt                    Necr/Summ      0%         N/A       100%        7
 Orb of Destruction       Conj           0%         9d5       100%        7
 Spellforged Servitor     Conj/Summ      0%         N/A       100%        7
 Storm Form               Tmut/Air       0%         N/A       100%        7
 Summon Hydra             Summ           0%         N/A       100%        7
 Borgnjor's Revivificati  Necr           0%         N/A       100%        8
 Lehudib's Crystal Spear  Conj/Erth      0%         10d2      100%        8
 Maxwell's Capacitive Co  Air            0%         ∞         100%        8
 Necromutation            Tmut/Necr      0%         N/A       100%        8
 Chain Lightning          Conj/Air       0%         N/A       100%        9
 Death's Door             Necr           0%         N/A       100%        9
 Fire Storm               Conj/Fire      0%         5d1       100%        9
 Shatter                  Erth           0%         3d5*      100%        9


Dungeon Overview and Level Annotations

Branches:
Dungeon (15/15)            Temple (1/1) D:4            Lair (5/5) D:9
  Swamp (4/4) Lair:3        Snake (4/4) Lair:3        Slime (5/5) Lair:5
    Orc (2/2) D:11            Elf (3/3) Orc:2        Vaults (5/5) D:14
  Crypt (3/3) Vaults:3       Tomb (0/3) Crypt:3      Depths (4/4) D:15
   Hell (visited)             Dis (0/7) Hell            Geh (0/7) Hell
    Coc (0/7) Hell            Tar (0/7) Hell            Zot (5/5) Depths:4
 Bailey (visited)         Desolation (visited)

Altars:
Ashenzari
Cheibriados
Dithmenos
Elyvilon
Fedhas
Gozag
Hepliaklqana
Kikubaaqudgha
Makhleb
Nemelex Xobeh
Okawaru
Qazlal
Ru
Sif Muna
Trog
Uskayaw
Vehumet
Wu Jian
Xom
Yredelemnul
Zin
The Shining One
Jiyva
Lugonu

Shops:
D:12 *   D:13 [   Orc:1 :(:   Orc:2 *[**   Elf:1 =   Elf:3 [   Snake:1 *(
Vaults:3 *   Depths:1 *[!*   Depths:2 =:=*   Depths:3 [*[(?

Portals:
Hell: Depths:1 Depths:2 Depths:3 Depths:4
Abyss: Lair:4 Depths:1 Depths:3
Pandemonium: Depths:2
Ziggurat: Depths:4


Innate Abilities, Weirdness & Mutations

Your serpentine skin is tough. (AC +9)
You have supernaturally acute eyesight. (SInv)
Armour fits poorly on your strangely shaped body.
Your system is resistant to poisons. (rPois)
You cover ground very slowly.
You can spit poison.
You can use your snake-like lower body to constrict enemies.


Message History

Aiming: Dig
Press: ? - help, Shift-Dir - straight line You can't see that place. [a stone staircase leading up.]
The rock shatters into small pieces.
An efreet comes into view.
It is wielding a +2 scimitar of flaming.
There is a stone staircase leading up here.
You climb upwards.
There is a stone staircase leading down here.
(D) Dungeon (T) Temple (L) Lair (S) Swamp (P) Snake Pit (M) Slime Pits (O) Orcish Mines (E) Elven Halls (V) Vaults (C) Crypt (W) Tomb (U) Depths (H) Hell (I) Dis (G) Gehenna (X) Cocytus (Y) Tartarus (Z) Zot
Where to? (Enter - D:1, ? - help)
There is an open door here.
There is a stone staircase leading up here.
You climb upwards.
There is a stone staircase leading down here.
A smoke demon comes into view.
There is a stone staircase leading up here.
You climb upwards.
There is a stone staircase leading down here.
An angel comes into view.
It is wielding a +2 sacred scourge of holy wrath.
The angel moves out of view.
You enter the shallow water.
Moving in this stuff is going to be slow.
A soul eater comes into view.
There is a staircase leading out of the dungeon here.
You feel yourself speed up.
You feel very buoyant.
You fly up into the air.
You feel protected.
You feel very mighty all of a sudden.
You fade into invisibility!
A red film seems to cover your vision as you go berserk!
You feel yourself moving faster!
You feel mighty!
You can't go down here!
You feel a strong urge to attack something.
You have escaped!

..........# #..#.#
##.###.... .#.######.#
##..#.# ####...##.... .#.#
#.# ##..#.# #.....#......
.#.# #.#
###.#.###.##.#.##.### .#.#
#.# #.###.######.###.# #
...# #.# #..##.#.########.#
# .###
#.####...##.#####...#.# # .#
####......####.###..##.#.###
.#
#.........#@##~~..####......
.#
#.##########..~~##∩#.#.#####
.# #.# ####..###.####.#.# .#
#.# ##...#####.####.#.# .#
###.# #..######.#.##..).#
.###...####.##3##
###.####### .##.###.#.....##
###.#### ...## ##..######
#.#.# ### ...# #..# ###
#...# ##


There were no monsters in sight!

Vanquished Creatures
  the Royal Jelly (Slime:5)
  3 dread liches
  6 ancient liches
  6 orbs of fire (Zot:5)
  2 juggernauts (Depths:2)
  Josephina (Depths:3)
  Sojobo (Depths:3)
  7 Killer Klowns (Zot:5)
  Vashnia (Snake:2)
  Margery (Arena)
  Xtahua (Depths:4)
  Saint Roka (Arena)
  A curse toe (Zot:5)
  Geryon (Hell)
  A profane servitor (Crypt:3)
  Nikola (Depths:1)
  9 golden dragons
  the Enchantress (Depths:2)
  2 Tzitzimimeh
  4 bone dragons
  13 Brimstone Fiends (Pan)
  2 pandemonium lords
  4 electric golems
  10 Hell Sentinels (Pan)
  Jorgrun (D:15)
  Mlioglotl (Snake:4)
  18 tentacled monstrosities
  27 Orb Guardians
  A walking earthen tome (Depths:2)
  9 liches
  A hellephant (Abyss:3)
  7 deep elf blademasters
  9 quicksilver dragons
  10 deep elf master archers
  3 ancient champions
  9 tentacled starspawn
  14 titans
  23 acid blobs
  9 death cobs
  Frances (Swamp:2)
  5 Executioners
  14 storm dragons
  9 sphinxes
  A sphinx (shapeshifter) (Depths:2)
  Gastronok (D:10)
  3 thorn hunters
  11 tengu reavers
  Kirke (Lair:3)
  9 draconian monks
  2 revenants
  10 azure jellies
  11 shadow dragons
  Donald (Elf:2)
  6 draconian knights
  2 daevas
  4 nagarajas (Snake:4)
  A fenstrider witch (Swamp:4)
  14 fire giants
  24 frost giants
  17 rockslimes
  15 vault wardens
  3 deep elf sorcerers (Elf:3)
  5 draconian scorchers
  Aizul (Vaults:4)
  An imperial myrmidon (Desolation)
  A juggernaut zombie (Depths:2)
  6 iron dragons
  6 ghost moths
  6 ghouls
  A cacodemon (Pan)
  A ghost moth (shapeshifter) (Vaults:5)
  9 draconian shifters
  The ghost of Peloso the Fencer, a journeyman MiFi of Okawaru (Lair:4)
  4 deep elf elementalists (Elf:3)
  5 draconian annihilators
  5 balrugs
  8 draconian stormcallers
  2 juggernaut skeletons
  A demonspawn corrupter (Pan)
  3 orc warlords
  5 spriggan defenders
  A starflower (Abyss:3)
  13 quicksilver oozes
  2 curse skulls (Crypt:2)
  23 stone giants
  8 reapers
  27 ironbound preservers
  A demonspawn blood saint (Pan)
  6 war gargoyles
  18 green draconians
  The ghost of crompyre the Fighter, a journeyman PaBe of Trog (Lair:5)
  42 very ugly things
  8 vampire knights
  29 black draconians
  The ghost of Voland the Destroyer, a journeyman TeAE of Sif Muna (Orc:1)
  7 lorocyprocas
  8 ironbound thunderhulks
  A caustic shrike skeleton (Abyss:3)
  An eleionoma (shapeshifter) (Vaults:5)
  8 eleionomae
  9 deep elf annihilators
  The ghost of raetorn the Stormcaller, a journeyman OpHW (Lair:5)
  17 purple draconians
  6 deep elf demonologists
  10 red draconians
  22 yellow draconians
  3 entropy weavers
  2 halazid warlocks (Desolation)
  23 white draconians
  3 putrid mouths (Hell)
  2 spark wasps (Depths:3)
  11 dire elephants
  An eidolon (Crypt:1)
  4 green deaths
  The ghost of pzskc383 the Cleaver, a journeyman GrFi of Okawaru (Lair:5)
  13 ettins
  A merfolk javelineer (Abyss:4)
  3 blizzard demons (Pan)
  3 crystal guardians (Desolation)
  9 fire dragons
  10 deep elf death magi
  6 spriggan zombies
  A quicksilver dragon zombie (Depths:1)
  4 deep elf high priests
  19 jiangshi
  A fire dragon (shapeshifter) (Vaults:5)
  A spectral spriggan (Crypt:3)
  A salamander tyrant (Snake:4)
  A shambling mangrove (Swamp:3)
  6 ice dragons
  18 yaktaur captains
  4 ogre magi
  8 servants of whispers (Desolation)
  8 great orbs of eyes
  7 ragged hierophants
  Harold (Arena)
  A ghost crab (Swamp:2)
  7 rakshasas
  6 spriggan air magi
  28 hydras
  A fenstrider witch zombie (Hell)
  A caustic shrike simulacrum (Depths:3)
  6 boulder beetles
  13 centaur warriors
  3 catoblepae
  11 peacekeepers
  37 vault guards
  A hell beast (D:11)
  5 death knights
  A two-headed ogre (shapeshifter) (Elf:2)
  A satyr (Abyss:4)
  6 anacondas
  5 deep troll shamans
  16 two-headed ogres
  9 naga warriors
  12 ironbound frosthearts
  4 vampire magi
  5 hell hogs
  10 alligators
  32 dancing weapons
  An emperor scorpion zombie (Crypt:2)
  5 tengu warriors
  2 deep troll earth magi
  8 shock serpents
  15 soul eaters
  16 naga sharpshooters
  Nergalle (D:10)
  12 thrashing horrors
  25 sun demons
  10 hell knights
  3 spriggan berserkers (Depths:2)
  A storm dragon skeleton (Crypt:1)
  11 wretched stars
  21 deep elf knights
  2 shadow wraiths
  2 storm dragon zombies
  5 iron trolls
  2 sixfirhies (Pan)
  A quicksilver dragon simulacrum (Hell)
  A sea snake (shapeshifter) (Vaults:3)
  33 skeletal warriors
  A spatial maelstrom (Abyss:3)
  A bunyip skeleton (Hell)
  A swamp dragon (shapeshifter) (Elf:2)
  57 deep trolls
  24 large abominations
  6 goliath frogs
  4 spriggan druids
  5 naga ritualists
  9 swamp dragons
  A glowing orange brain (Abyss:2)
  13 shadow demons
  11 flayed ghosts
  6 bog bodies
  An anaconda zombie (Crypt:1)
  16 phantasmal warriors
  3 obsidian statues
  9 wizards
  Pikel (D:7)
  A spriggan simulacrum (Abyss:3)
  17 deep elf archers
  29 deep elf zephyrmancers
  A golden dragon skeleton (Vaults:3)
  7 lindwurms
  21 ironbound convokers
  A lindwurm (shapeshifter) (Depths:4)
  13 necromancers
  7 orc knights
  33 deep elf pyromancers
  13 mana vipers
  An anaconda skeleton (Crypt:1)
  7 shining eyes
  7 cyclopes
  38 ugly things
  3 orc sorcerers
  A wolf spider (D:15)
  A faun (shapeshifter) (Vaults:2)
  A wolf spider (shapeshifter) (Elf:2)
  5 will-o-the-wisps
  6 salamanders
  A cyclops (shapeshifter) (Vaults:5)
  A spectral ettin (Crypt:3)
  An oklob plant (Lair:1)
  An iron dragon zombie (Depths:1)
  3 manticores
  7 elephants
  An iron dragon skeleton (Hell)
  22 moths of wrath
  9 rust devils
  A shining eye (shapeshifter) (Vaults:5)
  9 worldbinders
  A fire giant skeleton (Vaults:3)
  8 guardian serpents
  7 apocalypse crabs
  2 centaur zombies
  Maurice (D:10)
  An eye of devastation (Slime:4)
  37 black mambas
  22 vault sentinels
  11 smoke demons
  3 torpor snails (Lair:5)
  5 orange demons
  An eye of devastation (shapeshifter) (Vaults:4)
  11 naga magi
  2 gargoyles
  7 molten gargoyles
  A centaur skeleton (Hell)
  14 cane toads
  5 rime drakes
  7 demonic crawlers
  A human zombie (Vaults:4)
  2 sea snake zombies (Hell)
  A swamp worm zombie (Crypt:1)
  A redback zombie (Crypt:1)
  An iron troll zombie (Crypt:2)
  27 yaktaurs
  8 freezing wraiths
  A kobold demonologist (Pan)
  8 komodo dragons
  12 ancient zymes
  3 efreet
  9 ice devils
  8 tengu conjurers
  A black draconian skeleton (Crypt:1)
  2 hellwings (Pan)
  A yaktaur skeleton (Vaults:3)
  A red devil (Pan)
  2 harpy zombies
  A sea snake skeleton (Hell)
  2 silent spectres
  15 trolls
  9 polar bears (Lair:5)
  A golden dragon simulacrum (Depths:2)
  11 tyrant leeches
  A hydra zombie (Hell)
  2 harpy skeletons
  A bloated husk (Swamp:3)
  A raiju (shapeshifter) (Elf:1)
  67 saltlings
  3 sphinx simulacra
  A tyrant leech (shapeshifter) (Vaults:5)
  A wolf spider simulacrum (D:15)
  17 hornets
  9 raiju
  An alligator zombie (Hell)
  A dream sheep (shapeshifter) (Vaults:5)
  107 slime creatures
  A moth of wrath zombie (Crypt:2)
  2 hydra skeletons (Hell)
  A slime creature (shapeshifter) (Depths:2)
  13 blink frogs
  26 small abominations
  12 dream sheep
  A centaur simulacrum (D:14)
  A deep troll skeleton (Vaults:3)
  An alligator skeleton (Hell)
  4 shadows
  4 air elementals
  Sigmund (D:2)
  An ettin skeleton (Vaults:3)
  51 flying skulls
  22 spriggans
  A spriggan (shapeshifter) (Abyss:2)
  15 ynoxinuls
  4 spriggan skeletons
  6 wyverns
  2 vampires
  A culicivora (Vaults:1)
  19 starcursed masses
  6 water elementals
  A fire elemental (Elf:2)
  A dire elephant simulacrum (Crypt:3)
  10 wraiths
  3 fire bats (Abyss:3)
  3 hogs (Lair:3)
  7 basilisks
  2 chaos spawn
  41 yaks
  8 neqoxecs
  6 redbacks
  14 vampire mosquitoes
  11 golden eyes
  19 swamp worms
  A harpy simulacrum (Hell)
  A catoblepas simulacrum (Crypt:2)
  7 acid dragons
  48 nagas
  2 naga zombies
  9 wargs
  A hydra simulacrum (Hell)
  15 hell hounds
  A naga skeleton (Abyss:1)
  13 water moccasins
  A glowing shapeshifter skeleton (Vaults:4)
  5 human skeletons (Vaults:3)
  An ogre zombie (Vaults:4)
  An ogre skeleton (Vaults:3)
  2 sky beasts (D:6)
  An ice beast (D:3)
  31 orc warriors
  8 swamp drakes
  24 ogres
  A blink frog zombie (Crypt:2)
  12 black bears
  A centaur (shapeshifter) (Elf:2)
  5 boggarts
  23 wolves
  22 centaurs
  A lemure (D:7)
  A komodo dragon zombie (Crypt:1)
  12 kobold brigands
  17 bullfrogs
  8 earth elementals
  An elf skeleton (Crypt:1)
  2 gnoll sergeants
  A scorpion (D:7)
  A glowing shapeshifter simulacrum (Depths:3)
  7 necrophages
  3 wights (D:7)
  6 killer bees (D:10)
  A bullfrog zombie (Crypt:2)
  3 quasits
  A basilisk zombie (Crypt:2)
  4 hounds
  12 orc priests
  An iron imp (Abyss:2)
  4 jellies
  A gnoll bouda (D:8)
  Terence (D:2)
  Jessica (D:1)
  4 iguanas
  21 orc wizards
  6 adders
  17 gnolls
  A shadow imp (D:7)
  3 white imps
  9 ufetubi
  An adder skeleton (Crypt:2)
  4 worms
  52 orcs
  8 endoplasms
  5 giant cockroaches
  9 goblins
  6 hobgoblins
  6 jackals
  10 quokkas
  8 ball pythons
  5 bats
  A butterfly zombie (Crypt:1)
  2 frilled lizards (D:1)
  28 kobolds
  2 rats
  A rat zombie (Crypt:1)
  11 briar patches
  7 bushes
  2 lurking horrors
  3 pillars of salt
  6 starspawn tentacles
3109 creatures vanquished.

Vanquished Creatures (collateral kills)
  A demonspawn corrupter (Pan)
  2 shadow demons (Pan)
  A shadow imp (Pan)
4 creatures vanquished.

Vanquished Creatures (others)
  2 draconian knights
  A frost giant (Crypt:2)
  A deep elf annihilator (Elf:3)
  A spriggan druid (Swamp:4)
  3 deep elf zephyrmancers
  A deep elf pyromancer (Elf:3)
  A will-o-the-wisp (Swamp:2)
  A tengu conjurer (Depths:4)
  A bloated husk (Swamp:3)
  A raiju (Abyss:2)
  3 flying skulls (Crypt:3)
  A fire giant simulacrum (Depths:3)
  3 swamp drakes (Swamp:4)
  An ogre (Vaults:5)
  A small abomination (Abyss:2)
  An orc (Orc:2)
  A briar patch (Swamp:1)
  38 foxfires
  43 fungi
  3 pillars of salt (Hell)
  93 plants
  9 starspawn tentacles
210 creatures vanquished.

Grand Total: 3323 creatures vanquished

Notes
Turn   | Place    | Note
-------+----------+-------------------------------------------
     0 | D:1      | CrazyMind the Naga Gladiator began the quest for the Orb.
     0 | D:1      | Reached XP level 1. HP: 19/19 MP: 1/1
   417 | D:1      | Reached XP level 2. HP: 24/26 MP: 2/2
   653 | D:1      | Reached XP level 3. HP: 27/32 MP: 3/3
   707 | D:1      | Found a faded altar of an unknown god.
  1254 | D:2      | Identified the +9 chain mail of Death's Door {Contam rF+
                  | Int+4}
  1318 | D:2      | Noticed Terence
  1322 | D:2      | Killed Terence
  1323 | D:2      | Reached skill level 4 in Axes
  1323 | D:2      | Reached skill level 1 in Armour
  1323 | D:2      | Reached XP level 4. HP: 39/39 MP: 4/4
  1517 | D:2      | Noticed Jessica
  1534 | D:1      | Killed Jessica
  1535 | D:1      | Reached XP level 5. HP: 45/45 MP: 5/5
  1688 | D:2      | Noticed Sigmund
  2053 | D:3      | Noticed an ice beast
  2073 | D:3      | Reached skill level 5 in Axes
  2261 | D:3      | Killed an ice beast
  2262 | D:3      | Reached XP level 6. HP: 39/55 MP: 6/6
  2645 | D:3      | Reached skill level 6 in Axes
  3052 | D:4      | Found a staircase to the Ecumenical Temple.
  3080 | Temple   | Entered the Ecumenical Temple
  3283 | D:4      | Found a burning altar of Makhleb.
  3837 | D:4      | Found a snail-covered altar of Cheibriados.
  3908 | D:5      | Entered Level 5 of the Dungeon
  3928 | D:5      | Reached XP level 7. HP: 60/61 MP: 7/7
  4620 | D:5      | Reached skill level 1 in Stealth
  4678 | D:5      | Reached skill level 1 in Shields
  4829 | D:5      | Reached skill level 7 in Axes
  4829 | D:5      | Reached XP level 8. HP: 61/69 MP: 8/8
  5540 | D:6      | Reached skill level 8 in Axes
  6079 | D:7      | Noticed a two-headed ogre
  6092 | D:7      | Killed a two-headed ogre
  6093 | D:7      | Reached skill level 9 in Axes
  6093 | D:7      | Reached XP level 9. HP: 78/78 MP: 9/9
  6111 | D:7      | Found an iron altar of Okawaru.
  6123 | D:7      | Became a worshipper of Warmaster Okawaru
  6170 | D:7      | Noticed Pikel
  6192 | D:7      | Killed Pikel
  6192 | D:7      | Reached * piety under Okawaru
  6341 | D:7      | Reached skill level 10 in Axes
  6713 | D:8      | Reached ** piety under Okawaru
  6715 | D:8      | Reached XP level 10. HP: 64/87 MP: 10/10
  6761 | D:8      | Found a flagged portal.
  6790 | Bailey   | Entered a bailey
  6931 | Bailey   | Reached skill level 11 in Axes
  6986 | Bailey   | Reached skill level 1 in Invocations
  6991 | Bailey   | Found an iron altar of Okawaru.
  7004 | Bailey   | Identified the +7 plate armour of Beogh's Generosity
                  | {Int+3}
  7110 | D:8      | Found a stormy altar of Qazlal.
  7544 | D:2      | Killed Sigmund
  7970 | D:9      | Identified the +1 falchion "Iliedgh" {speed, Str+6}
  8110 | D:9      | Found a shimmering altar of Xom.
  8111 | D:9      | Found an ancient bone altar of Kikubaaqudgha.
  8259 | D:9      | Found a broken altar of Ashenzari.
  8270 | D:9      | Found a blossoming altar of Fedhas.
  8329 | D:9      | Reached *** piety under Okawaru
  8413 | D:9      | Found an ornate altar of the Wu Jian Council.
  8465 | D:9      | Noticed a two-headed ogre
  8480 | D:9      | Killed a two-headed ogre
  8481 | D:9      | Reached skill level 12 in Axes
  8481 | D:9      | Reached skill level 5 in Armour
  8694 | D:9      | Found a staircase to the Lair.
  8745 | D:10     | Entered Level 10 of the Dungeon
  8817 | D:9      | Reached **** piety under Okawaru
  8901 | D:10     | Found a shadowy altar of Dithmenos.
  8935 | D:9      | Reached XP level 11. HP: 88/93 MP: 14/14
  9178 | D:10     | Noticed Maurice
  9231 | D:10     | Killed Maurice
  9231 | D:10     | Received a gift from Okawaru
  9232 | D:10     | Reached skill level 5 in Invocations
  9244 | D:10     | Reached skill level 5 in Fighting
  9292 | D:10     | Noticed Gastronok
  9314 | D:10     | Killed Gastronok
  9369 | D:10     | Noticed Nergalle
  9384 | D:10     | Killed Nergalle
  9398 | D:10     | Reached skill level 13 in Axes
  9565 | D:10     | Noticed a manticore
  9582 | D:10     | Killed a manticore
  9583 | D:10     | Reached skill level 5 in Stealth
  9728 | Lair:1   | Entered Level 1 of the Lair of Beasts
  9972 | D:9      | Reached ***** piety under Okawaru
 10693 | Lair:1   | Reached XP level 12. HP: 84/103 MP: 16/16
 10839 | Lair:1   | Found a blossoming altar of Fedhas.
 11022 | Lair:1   | Noticed a catoblepas
 11030 | Lair:1   | Killed a catoblepas
 12101 | Lair:2   | Received a gift from Okawaru
 12224 | Lair:2   | Reached skill level 14 in Axes
 12457 | Lair:2   | Noticed Harold
 12469 | Arena    | Entered the Arena
 12479 | Arena    | Killed Harold
 12760 | Lair:2   | Noticed a six-headed hydra
 12769 | Lair:2   | Killed a six-headed hydra
 13916 | Lair:3   | Found a staircase to the Snake Pit.
 14045 | Lair:3   | Reached skill level 5 in Shields
 14203 | Lair:3   | Found a white marble altar of Elyvilon.
 14237 | Lair:3   | Gained mutation: You can use your snake-like lower body to
                  | constrict enemies. [Naga growth]
 14237 | Lair:3   | Reached XP level 13. HP: 105/114 MP: 18/18
 14244 | Lair:3   | Noticed Kirke
 14247 | Lair:3   | Noticed a sphinx
 14258 | Lair:3   | Killed Kirke
 14258 | Lair:3   | Identified the +4 barding "Xipnar" {rF+ Dex+2} (Okawaru
                  | gifted it to you on level 3 of the Lair of Beasts)
 14258 | Lair:3   | Received a gift from Okawaru
 14277 | Lair:3   | Found a staircase to the Swamp.
 14549 | Lair:3   | Identified the ring "Uboexug" {Fly rF+ Str-5 Int+6}
 15739 | Lair:4   | Reached skill level 10 in Stealth
 15756 | Lair:4   | Reached skill level 15 in Axes
 15816 | Lair:4   | Found the +8 Wrath of Trog {antimagic, *Rage Rampage}
 15964 | Lair:4   | Found a transporter.
 16064 | Lair:4   | Found a transporter.
 16064 | Lair:4   | Noticed a rakshasa
 16125 | Lair:4   | Noticed a tentacled starspawn
 16701 | Lair:5   | Entered Level 5 of the Lair of Beasts
 16838 | Lair:5   | Reached skill level 5 in Throwing
 17451 | Lair:5   | Received a gift from Okawaru
 17472 | Lair:5   | Found a viscous altar of Jiyva.
 17472 | Lair:5   | Found a staircase to the Slime Pits.
 17558 | Lair:5   | Reached XP level 14. HP: 114/124 MP: 20/20
 17940 | Lair:5   | Found a runed translucent gate.
 17941 | Lair:5   | Found a runed translucent gate.
 17960 | Lair:5   | Found a runed translucent gate.
 18098 | Lair:5   | Received a gift from Okawaru
 18418 | Lair:5   | Received a gift from Okawaru
 18475 | Lair:5   | Noticed a dire elephant
 18520 | Lair:5   | Killed a dire elephant
 18551 | Lair:5   | Identified the ring of Jeicw {rPois rC- Str+4 Int+4}
 18692 | Lair:5   | Identified the +3 barding "Heuthro" {rF- rC+ Regen+}
                  | (Okawaru gifted it to you on level 5 of the Lair of Beasts)
 18692 | Lair:5   | Received a gift from Okawaru
 18868 | Lair:5   | Noticed raetorn's ghost (journeyman OpHW)
 18868 | Lair:5   | Noticed crompyre's ghost (journeyman PaBe)
 18868 | Lair:5   | Noticed pzskc383's ghost (journeyman GrFi)
 19570 | Lair:4   | Noticed Peloso's ghost (journeyman MiFi)
 19754 | D:11     | Found a staircase to the Orcish Mines.
 20083 | D:11     | Reached skill level 16 in Axes
 21659 | D:12     | Found Isaikhla's Assorted Antiques.
 21668 | D:12     | Bought a scroll labelled FUQUMP WEDUSA for 23 gold pieces
 21900 | D:13     | Found Wiafroa's Specialty Armours.
 21974 | D:13     | Received a gift from Okawaru
 21984 | D:13     | Reached XP level 15. HP: 98/135 MP: 21/22
 22456 | D:13     | Identified the +2 barding "Hoteg" {rN+ Int+7} (Okawaru
                  | gifted it to you on level 13 of the Dungeon)
 22456 | D:13     | Received a gift from Okawaru
 22770 | D:14     | Found a gate to the Vaults.
 23388 | D:13     | Reached skill level 5 in Dodging
 24154 | D:14     | Reached ****** piety under Okawaru
 24510 | D:15     | Entered Level 15 of the Dungeon
 24510 | D:15     | Noticed Jorgrun
 24515 | D:15     | Killed Jorgrun
 25346 | D:15     | Received a gift from Okawaru
 26004 | D:15     | Found a staircase to the Depths.
 26528 | Orc:1    | Entered Level 1 of the Orcish Mines
 26530 | Orc:1    | Noticed an orc warlord
 26586 | D:11     | Killed an orc warlord
 26747 | Orc:1    | Found a bloodstained altar of Trog.
 26776 | Orc:1    | Found a runed translucent gate.
 26777 | Orc:1    | Found a runed translucent gate.
 26777 | Orc:1    | Noticed Voland's ghost (journeyman TeAE)
 26778 | Orc:1    | Found a runed translucent gate.
 26884 | Orc:2    | Entered Level 2 of the Orcish Mines
 26884 | Orc:2    | Noticed Saint Roka
 26884 | Orc:2    | Found a staircase to the Elven Halls.
 26921 | Orc:2    | Noticed an orc warlord
 26997 | Orc:1    | Reached skill level 10 in Fighting
 27313 | D:11     | Killed an orc warlord
 27314 | D:11     | Reached XP level 16. HP: 127/146 MP: 23/23
 27379 | Orc:1    | Identified the +11 crystal plate armour of Autotheism
                  | {Will+ Dex+2 Slay+4} (Okawaru gifted it to you on level 1
                  | of the Orcish Mines)
 27379 | Orc:1    | Received a gift from Okawaru
 28016 | Orc:1    | Reached skill level 17 in Axes
 28167 | Orc:1    | Found Reame's Book Shop.
 28176 | Orc:1    | Bought a manual of Axes for 1040 gold pieces
 28219 | Orc:1    | Found Ulek's Book Shop.
 28249 | Orc:2    | Found Goiwej Cuetz's Assorted Antiques.
 28249 | Orc:2    | Found Siboum's General Store.
 28249 | Orc:2    | Found Voepyoh's Assorted Antiques.
 28271 | Orc:2    | Found Himeleg's Antique Armour Shoppe.
 28286 | Orc:2    | Reached skill level 15 in Stealth
 28307 | Orc:2    | Bought a scroll of identify for 30 gold pieces
 28368 | Arena    | Entered the Arena
 28386 | Arena    | Killed Saint Roka
 28488 | Orc:2    | Bought a wooden ring for 160 gold pieces
 28493 | Orc:2    | Bought a scroll of identify for 64 gold pieces
 28624 | Orc:1    | Found Sazurgh's Antique Weapon Emporium.
 28936 | Swamp:1  | Entered Level 1 of the Swamp
 29211 | Swamp:1  | Reached skill level 10 in Invocations
 29308 | Swamp:1  | Reached skill level 1 in Evocations
 29374 | Swamp:1  | Noticed a thorn hunter
 29753 | Swamp:1  | Killed a thorn hunter
 29994 | Swamp:1  | Received a gift from Okawaru
 30399 | Swamp:2  | Identified the +9 arbalest "Silim" {venom, Dex+5} (Okawaru
                  | gifted it to you on level 2 of the Swamp)
 30399 | Swamp:2  | Received a gift from Okawaru
 31014 | Swamp:2  | Noticed Frances
 31469 | Swamp:2  | Killed Frances
 31522 | Swamp:3  | Reached XP level 17. HP: 105/157 MP: 10/24
 31732 | Swamp:3  | Reached skill level 10 in Armour
 31792 | Swamp:3  | Reached skill level 18 in Axes
 32427 | Swamp:4  | Entered Level 4 of the Swamp
 32476 | Swamp:4  | Identified the +2 cloak of the Serpent {Drain Str+3 Int+5}
                  | (Okawaru gifted it to you on level 4 of the Swamp)
 32476 | Swamp:4  | Received a gift from Okawaru
 32671 | Swamp:4  | Identified the +0 scale mail of Wetriufo {Rampage rPois rN+
                  | SInv}
 33759 | Swamp:4  | Got a decaying rune of Zot
 34125 | Snake:1  | Entered Level 1 of the Snake Pit
 34172 | Snake:1  | Found Zooweulo's Weapon Boutique.
 34178 | Snake:1  | Found Zuiqex's Assorted Antiques.
 34480 | Snake:1  | Received a gift from Okawaru
 34959 | Snake:2  | Received a gift from Okawaru
 35076 | Snake:2  | Reached skill level 5 in Evocations
 35535 | Snake:2  | Received a gift from Okawaru
 35536 | Snake:2  | Reached XP level 18. HP: 168/168 MP: 25/25
 35886 | Snake:2  | Received a gift from Okawaru
 36208 | Snake:3  | Noticed Vashnia
 36271 | Snake:2  | Killed Vashnia
 36719 | Snake:3  | Identified the +1 barding "Ocist" {Harm Int+4} (Okawaru
                  | gifted it to you on level 3 of the Snake Pit)
 36719 | Snake:3  | Received a gift from Okawaru
 37442 | Snake:3  | Reached skill level 19 in Axes
 38033 | Snake:4  | Entered Level 4 of the Snake Pit
 38538 | Snake:4  | Noticed Mlioglotl
 38562 | Snake:4  | Killed Mlioglotl
 39040 | Snake:4  | Received a gift from Okawaru
 39529 | Snake:4  | Received a gift from Okawaru
 39864 | Snake:4  | Noticed a quicksilver dragon
 39864 | Snake:4  | Noticed a quicksilver dragon
 39893 | Snake:4  | Killed a quicksilver dragon
 39898 | Snake:4  | Killed a quicksilver dragon
 39904 | Snake:4  | Got a serpentine rune of Zot
 40223 | Elf:1    | Entered Level 1 of the Elven Halls
 40226 | Elf:1    | Paralysed by an air elemental for 1 turns
 40287 | Elf:1    | Reached skill level 10 in Throwing
 40287 | Elf:1    | Reached XP level 19. HP: 177/177 MP: 26/26
 40288 | Elf:1    | Received a gift from Okawaru
 40589 | Elf:1    | Found Mom Wuasch's Jewellery Shoppe.
 41818 | Elf:1    | Identified the +1 plate armour "Dinoul" {Rampage Slay+5}
 41819 | Elf:1    | Identified the +9 long sword "Yste" {freeze, rC- rCorr
                  | Str+7}
 41862 | Elf:1    | Reached skill level 10 in Shields
 42175 | Elf:1    | Identified the +1 ring mail of the Bulwark {Str+4}
 42252 | Elf:2    | Paralysed by an air elemental for 1 turns
 42556 | Elf:2    | Identified the +2 barding of the Sea {Will++ Int+2 Stlth+}
                  | (Okawaru gifted it to you on level 2 of the Elven Halls)
 42556 | Elf:2    | Received a gift from Okawaru
 44653 | Elf:2    | Noticed an Ice Fiend
 44898 | Elf:2    | Found a runed translucent gate.
 44899 | Elf:2    | Found a runed translucent gate.
 44899 | Elf:2    | Found a runed translucent gate.
 45549 | Elf:2    | Noticed Donald
 45564 | Elf:2    | Killed Donald
 46727 | Elf:2    | Reached skill level 20 in Axes
 46821 | Elf:3    | Entered Level 3 of the Elven Halls
 46824 | Elf:3    | Found Gacwang's Antique Armour Boutique.
 47194 | Elf:3    | Identified the ring of the Lily {rElec rC+ Int+2}
 47213 | Elf:3    | Noticed a Brimstone Fiend
 47214 | Elf:3    | Noticed an Ice Fiend
 47224 | Elf:3    | Received a gift from Okawaru
 47523 | Vaults:1 | Entered Level 1 of the Vaults
 47636 | Vaults:1 | Reached XP level 20. HP: 187/187 MP: 28/28
 47846 | Vaults:1 | Received a gift from Okawaru
 48006 | Vaults:1 | Received a gift from Okawaru
 48076 | Vaults:1 | Identified the +3 plate armour "Xetzen" {rPois} (Okawaru
                  | gifted it to you on level 1 of the Vaults)
 48076 | Vaults:1 | Received a gift from Okawaru
 48976 | Arena    | Entered the Arena
 49236 | Vaults:2 | Found a flickering gateway to a bazaar.
 49247 | Bazaar   | Entered a bazaar
 49268 | Bazaar   | Found Meisaisi's Jewellery Emporium.
 49298 | Bazaar   | Found Secrocem's Jewellery Boutique.
 49361 | Bazaar   | Found Kont's Book Emporium.
 49410 | Bazaar   | Found Taneveh's Assorted Antiques.
 49418 | Bazaar   | Bought a potion of haste for 280 gold pieces
 49723 | Arena    | Entered the Arena
 50283 | Vaults:2 | Identified the +4 barding of the Armadillo {rPois rN+ Will+
                  | Dex-5} (Okawaru gifted it to you on level 2 of the Vaults)
 50283 | Vaults:2 | Received a gift from Okawaru
 50535 | Vaults:2 | Reached XP level 21. HP: 198/198 MP: 30/30
 50997 | Vaults:2 | Found a transporter.
 51006 | Vaults:2 | Found a transporter.
 51831 | Vaults:3 | Found a staircase to the Crypt.
 51926 | Vaults:3 | Found Sagiss's Assorted Antiques.
 52145 | Vaults:3 | Received a gift from Okawaru
 52586 | Vaults:3 | Received a gift from Okawaru
 52621 | Vaults:3 | Identified the +7 hand axe of the Dark Horse {holy,
                  | *Corrode Str+4 Int+4 SInv} (Okawaru gifted it to you on
                  | level 3 of the Vaults)
 52621 | Vaults:3 | Received a gift from Okawaru
 52636 | Vaults:3 | Reached skill level 10 in Evocations
 53551 | Vaults:3 | Reached skill level 21 in Axes
 54544 | Vaults:4 | Found a crumbling gateway.
 54569 | Desolati | Entered the Desolation of Salt
 54952 | Desolati | Reached XP level 22. HP: 175/208 MP: 31/31
 55145 | Desolati | Received a gift from Okawaru
 55214 | Desolati | Got Sif Muna's Grimoire of the Cursed Congregation
 55225 | Desolati | Identified the +4 quarterstaff "Gufaudoc" {drain, *Slow rN+
                  | Str+2 Dex+2}
 55312 | Desolati | Identified the +2 helmet of a Labyrinth {Will+ Regen+}
 55425 | Desolati | Got the Parchment of Conjuration
 55432 | Desolati | Identified the ring "Fevack" {rPois rCorr Int+3 SInv}
 55641 | Desolati | Found the +6 lightning scales {swift, rElec}
 55668 | Desolati | Identified the +1 ring mail "Eckucoikh" {Fly rN++ Str+2
                  | Dex-5}
 55843 | Desolati | Reached skill level 15 in Fighting
 57407 | Vaults:4 | Reached skill level 10 in Dodging
 57516 | Vaults:4 | Noticed Aizul
 57528 | Vaults:4 | Killed Aizul
 57800 | Vaults:4 | Noticed Margery
 57801 | Arena    | Entered the Arena
 57815 | Arena    | Killed Margery
 58967 | Elf:3    | Got the Papyrus of Overcast Outbursts
 58973 | Elf:3    | Got Vehumet's Guidebook on Conflict
 59037 | Elf:3    | Received a gift from Okawaru
 59096 | Elf:3    | Identified the +5 short sword of Uwamunt {vorpal, rF+ rN+
                  | SInv Stlth+}
 59169 | Elf:3    | Identified the ring "Ake Rirpho" {rElec Will- rCorr Dex+3}
 59327 | Elf:3    | Identified the amulet "Pizec" {Contam Rampage Will+ Regen+
                  | rCorr}
 59348 | Elf:3    | Identified the ring of the Growing Gods {rF+ Str+6}
 59390 | Elf:3    | Identified the +8 war axe of the Harvest {flame, rPois rF++
                  | Str-3 Int+4}
 59919 | Elf:3    | Identified the +1 spear of Quaczeb {drain, rN+ Int+7}
 60379 | Depths:1 | Entered Level 1 of the Depths
 60379 | Depths:1 | Found a one-way gate to the infinite horrors of the Abyss.
 60379 | Depths:1 | Found a gateway to Hell.
 60409 | Depths:1 | Found Vyrcheli's Assorted Antiques.
 60648 | Depths:1 | Found Jetekuh's Armour Boutique.
 60651 | Depths:1 | Found Zacluash's General Store.
 60685 | Depths:1 | Found Littioz's Distillery.
 60761 | Depths:1 | Reached XP level 23. HP: 186/218 MP: 33/33
 60762 | Depths:1 | Received a gift from Okawaru
 60978 | Depths:1 | Reached skill level 1 in Polearms
 61063 | Depths:1 | Received a gift from Okawaru
 61210 | Depths:1 | Found a radiant altar of Vehumet.
 61343 | Depths:1 | Bought a potion of invisibility for 160 gold pieces
 61348 | Depths:1 | Bought a pair of embroidered gloves for 247 gold pieces
 61387 | Depths:2 | Identified a scroll of acquirement
 61413 | Depths:1 | Acquired an amulet of reflection
 61897 | Depths:2 | Noticed Nikola
 61915 | Depths:1 | Killed Nikola
 62277 | Depths:2 | Found Ceystos's CLEARANCE SALE!.
 62333 | Depths:2 | Found a snail-covered altar of Cheibriados.
 62434 | Depths:2 | Noticed a juggernaut
 62442 | Depths:2 | Noticed a golden dragon
 62451 | Depths:2 | Killed a juggernaut
 62459 | Depths:2 | Killed a golden dragon
 62490 | Depths:2 | Identified the +7 swamp dragon scales "Koahaitz" {Rampage
                  | rElec rPois rC+ Regen+} (Okawaru gifted it to you on level
                  | 2 of the Depths)
 62490 | Depths:2 | Received a gift from Okawaru
 62553 | Depths:2 | Found a one-way gate leading to the halls of Pandemonium.
 62575 | Depths:2 | Noticed a golden dragon
 62575 | Depths:2 | Noticed a juggernaut
 62606 | Depths:2 | Killed a juggernaut
 62611 | Depths:2 | Killed a golden dragon
 62681 | Arena    | Entered the Arena
 62837 | Depths:2 | Found Kistylubie's Jewellery Boutique.
 62837 | Depths:2 | Found Rilon's Book Shoppe.
 62839 | Depths:2 | Found Buosotup's Jewellery Boutique.
 63210 | Depths:3 | Found Rept's Magic Scroll Emporium.
 63211 | Depths:3 | Identified the ring "Padioter" {Ice Drain rPois rN+++
                  | Int-5}
 63211 | Depths:3 | Noticed Josephina
 63236 | Arena    | Entered the Arena
 63262 | Depths:3 | Noticed the Enchantress
 63673 | Lair:4   | Killed Peloso's ghost
 63766 | Lair:5   | Killed raetorn's ghost
 63780 | Lair:5   | Killed crompyre's ghost
 63792 | Lair:5   | Killed pzskc383's ghost
 64044 | Orc:1    | Killed Voland's ghost
 64063 | Orc:1    | Identified the ring "Xiuts" {*Slow rPois rN+ rCorr Stlth+}
 64435 | Depths:3 | Noticed a golden dragon
 64461 | Depths:2 | Killed a golden dragon
 64584 | Depths:3 | You fall into a shaft and drop 1 floor!
 64584 | Depths:4 | Entered Level 4 of the Depths
 64633 | Depths:4 | Received a gift from Okawaru
 64728 | Depths:2 | Killed the Enchantress
 64760 | Depths:3 | Killed Josephina
 64763 | Depths:3 | Reached skill level 15 in Invocations
 64763 | Depths:3 | Reached XP level 24. HP: 115/229 MP: 34/34
 64878 | Depths:3 | Bought a scroll of acquirement for 780 gold pieces
 64883 | Depths:3 | Acquired 969 gold pieces
 65087 | Depths:3 | Reached skill level 22 in Axes
 65195 | Depths:3 | Identified the +1 falchion "Qexkital" {vorpal, rF++}
 65310 | Depths:3 | Received a gift from Okawaru
 65410 | Depths:3 | Reached skill level 5 in Polearms
 65422 | Depths:3 | Identified the +2 leather armour of Ru's Pride {rF++ rC-}
 65475 | Depths:3 | Found Zuacist's Weapon Boutique.
 65598 | Depths:3 | Found Qegairry's Antique Armour Emporium.
 65609 | Depths:3 | Bought the +0 pair of fencer's gloves {Riposte Dex+3} for
                  | 960 gold pieces
 65609 | Depths:3 | Bought the +3 warlock's mirror {reflect} for 960 gold
                  | pieces
 65609 | Depths:3 | Found the +3 warlock's mirror {reflect}
 65609 | Depths:3 | Found the +0 pair of fencer's gloves {Riposte Dex+3}
 65680 | Depths:3 | Identified the +0 barding of Indemnity {Will+} (Okawaru
                  | gifted it to you on level 3 of the Depths)
 65680 | Depths:3 | Received a gift from Okawaru
 65691 | Depths:3 | Found Ysontubb's Mayhem Merchandise.
 65869 | Depths:3 | Found Tomputs's Armour Shop.
 66046 | Depths:3 | Found a corrupted altar of Lugonu.
 66247 | Depths:4 | Noticed Sojobo
 66252 | Depths:4 | Paralysed by an air elemental for 1 turns
 66294 | Depths:3 | Paralysed by an air elemental for 1 turns
 66307 | Depths:3 | Paralysed by an air elemental for 1 turns
 66314 | Depths:3 | Killed Sojobo
 66394 | Depths:4 | Found a one-way gateway to a ziggurat.
 66633 | Depths:4 | Noticed Xtahua
 66645 | Depths:4 | Killed Xtahua
 67311 | Depths:4 | Found a gate to the Realm of Zot.
 68076 | Vaults:4 | Upgraded the game from 0.29.1-13-g9f3cf754e1 to
                  | 0.29.1-14-g9c671dbff4
 68079 | Vaults:5 | Entered Level 5 of the Vaults
 68080 | Vaults:5 | Found the +10 morningstar "Eos" {elec, Halo rElec}
 68136 | Vaults:5 | Received a gift from Okawaru
 68139 | Vaults:5 | Identified the +0 robe of Midwinter {Will- Int+8}
 68149 | Vaults:5 | Identified the +0 pair of gloves "Baih Pin" {Int+4}
 68243 | Vaults:5 | Received a gift from Okawaru
 68297 | Vaults:5 | Got the Papyrus of Elsewhere and Rallying
 68299 | Vaults:5 | Identified the +6 rapier "Ulywodwe" {flame, *Corrode rPois
                  | Str+5 SInv}
 68348 | Vaults:5 | Reached XP level 25. HP: 240/240 MP: 34/34
 68410 | Vaults:5 | Received a gift from Okawaru
 68743 | Vaults:5 | Received a gift from Okawaru
 68840 | Vaults:5 | Received a gift from Okawaru
 69025 | Vaults:5 | Identified the +9 short sword of Roaczam {freeze, rF+ rN+
                  | Dex-5} (Okawaru gifted it to you on level 5 of the Vaults)
 69025 | Vaults:5 | Received a gift from Okawaru
 69094 | Vaults:5 | Got the Treatise on Superposition and Evolution
 69460 | Vaults:5 | Identified the +8 spear of Qazlal {speed, rPois rF- rN+}
 69538 | Vaults:5 | Got a silver rune of Zot
 72602 | Temple   | Fell from the grace of Okawaru
 72602 | Temple   | Became a worshipper of the Shining One
 73568 | Crypt:1  | Entered Level 1 of the Crypt
 73833 | Crypt:1  | Identified the +10 shortbow of Analysis {flame, rC+ Will+}
 73856 | Crypt:1  | Reached * piety under the Shining One
 73857 | Crypt:1  | Reached skill level 15 in Shields
 74590 | Crypt:2  | Reached ** piety under the Shining One
 74686 | Crypt:2  | Reached *** piety under the Shining One
 74817 | Crypt:2  | Reached **** piety under the Shining One
 75356 | Crypt:3  | Entered Level 3 of the Crypt
 75356 | Crypt:3  | Reached ***** piety under the Shining One
 75388 | Crypt:3  | Reached XP level 26. HP: 253/253 MP: 35/35
 75513 | Crypt:3  | Found a basalt altar of Yredelemnul.
 75527 | Crypt:3  | Reached ****** piety under the Shining One
 75529 | Crypt:3  | Identified a +9 broad axe of holy wrath (a +9 vampiric
                  | broad axe blessed by the Shining One)
 75529 | Crypt:3  | Received a gift from the Shining One
 76118 | Temple   | Fell from the grace of the Shining One
 76118 | Temple   | Became a worshipper of Zin the Law-Giver
 76118 | Temple   | Reached * piety under Zin
 76118 | Temple   | Reached ** piety under Zin
 76118 | Temple   | Reached *** piety under Zin
 76118 | Temple   | Reached **** piety under Zin
 76240 | Lair:1   | Donated 1574 gold pieces to Zin
 76254 | D:9      | Reached ***** piety under Zin
 76595 | Crypt:3  | Reached ****** piety under Zin
 76711 | Crypt:3  | Reached skill level 23 in Axes
 76777 | Crypt:3  | Identified the +10 flail of Infection {holy, rN+}
 76882 | Crypt:3  | Identified the ring of Lerchiwkyo {rCorr MP+9 Str+3 Int+6}
 76968 | Crypt:3  | Found a staircase to the Tomb.
 76968 | Crypt:3  | Noticed an ancient lich
 76978 | Crypt:3  | Killed an ancient lich
 76994 | Crypt:3  | Identified the ring of Zeluaset {rElec rN+ Will+ Str+3
                  | Dex-2}
 76994 | Crypt:3  | Identified the ring "Pitot" {rPois rN+ SInv Stlth+}
 76994 | Crypt:3  | Identified the ring "Yklumecwe" {rC+ rN+ Int-4 Dex+3 SInv}
 77207 | Crypt:3  | Found the +8 Vampire's Tooth {vamp}
 77867 | Slime:1  | Entered Level 1 of the Pits of Slime
 80042 | Slime:5  | Entered Level 5 of the Pits of Slime
 81137 | Slime:5  | Noticed the Royal Jelly
 81138 | Slime:5  | Found a viscous altar of Jiyva.
 81166 | Slime:5  | Killed the Royal Jelly
 81167 | Slime:5  | Reached XP level 27. HP: 183/265 MP: 35/35
 81344 | Slime:5  | Identified the +0 leather armour of the Komodo Dragon {rN+
                  | Regen+}
 81349 | Slime:5  | Identified the amulet "Vima" {Reflect Regen+ SH+5}
 81360 | Slime:5  | Identified the +2 plate armour "Ehur" {rPois Int+4}
 81367 | Slime:5  | Identified the +11 war axe "Tudghuh" {flame, *Noise rC+
                  | Int+2 Dex+3}
 81405 | Slime:5  | Identified the +3 hand axe of Iconoclasm {flame, Dex+4
                  | SInv}
 81406 | Slime:5  | Identified the +1 pair of gloves of Wotip {Str+3}
 81419 | Slime:5  | Identified the amulet of Coniprah {Regen+ Int+4 Dex+2}
 81430 | Slime:5  | Got a slimy rune of Zot
 81449 | Slime:5  | Identified the +1 long sword of Ixkuedgh {flame, *Rage
                  | *Noise rF+++ Int+4}
 81487 | Slime:5  | Was forgiven by Okawaru
 82000 | Hell     | Entered the Vestibule of Hell
 82000 | Hell     | Noticed Geryon
 82331 | Hell     | Killed Geryon
 82456 | Hell     | Found a gateway to the decaying netherworld of Tartarus.
 82525 | Hell     | Found a gateway to the freezing wastes of Cocytus.
 82663 | Hell     | Found a gateway to the Iron City of Dis.
 82712 | Hell     | Found a gateway to the ashen valley of Gehenna.
 83517 | Zot:1    | Entered Level 1 of the Realm of Zot
 84072 | Zot:1    | Reached skill level 24 in Axes
 84399 | Zot:2    | Reached skill level 10 in Polearms
 87676 | Zot:5    | Entered Level 5 of the Realm of Zot
 88306 | Zot:5    | Noticed an ancient lich
 88306 | Zot:5    | Noticed an orb of fire
 88329 | Zot:5    | Killed an orb of fire
 88330 | Zot:5    | Noticed an orb of fire
 88333 | Zot:5    | Killed an ancient lich
 88538 | Zot:5    | Noticed an orb of fire
 88585 | Zot:5    | Killed an orb of fire
 88702 | Zot:5    | Noticed a dread lich
 88714 | Zot:5    | Killed a dread lich
 88786 | Zot:5    | Noticed an orb of fire
 88822 | Zot:5    | Killed an orb of fire
 89038 | Zot:5    | Noticed an orb of fire
 89043 | Zot:5    | Noticed an ancient lich
 89061 | Zot:5    | Killed an orb of fire
 89061 | Zot:5    | Noticed an ancient lich
 89062 | Zot:5    | Noticed an orb of fire
 89085 | Zot:5    | Noticed an ancient lich
 89180 | Zot:5    | Killed an ancient lich
 89200 | Zot:5    | Identified the +6 battleaxe of Wisdom {elec, rF+ rC++ rN+
                  | Will+}
 89220 | Zot:5    | Killed an ancient lich
 89220 | Zot:5    | Noticed an ancient lich
 89231 | Zot:5    | Killed an ancient lich
 89558 | Zot:5    | Killed an ancient lich
 89601 | Zot:5    | Killed an orb of fire
 89855 | Zot:5    | Killed an orb of fire
 90522 | Vaults:3 | Bought a potion of curing for 66 gold pieces
 90522 | Vaults:3 | Bought a potion of ambrosia for 176 gold pieces
 90522 | Vaults:3 | Bought a potion of ambrosia for 176 gold pieces
 90757 | Orc:2    | Bought a potion of heal wounds for 75 gold pieces
 90958 | Depths:1 | Bought a potion of heal wounds for 100 gold pieces
 90958 | Depths:1 | Bought a potion of haste for 200 gold pieces
 90958 | Depths:1 | Bought a potion of heal wounds for 100 gold pieces
 90958 | Depths:1 | Bought a potion of heal wounds for 100 gold pieces
 90980 | Depths:1 | Voluntarily entered the Abyss.
 91183 | Abyss:2  | Noticed a dread lich
 91195 | Abyss:2  | Killed a dread lich
 91704 | Abyss:2  | Reached skill level 15 in Armour
 92517 | Abyss:3  | Found a sparkling altar of Nemelex Xobeh.
 92749 | Abyss:4  | Found a corrupted altar of Lugonu.
 92803 | Abyss:4  | Paralysed by accursed screaming for 1 turns
 92823 | Abyss:4  | Got an abyssal rune of Zot
 92845 | Depths:1 | Escaped the Abyss
 93381 | Pan      | Entered Pandemonium
 93767 | Pan      | Found Zorchas's Exquisite Manuscripts.
 93786 | Pan      | Reached skill level 25 in Axes
 94303 | Pan      | Found an opulent altar of Gozag.
 94303 | Pan      | Noticed Zorchas the pandemonium lord
 94749 | Pan      | Found an opulent altar of Gozag.
 94749 | Pan      | Noticed a dread lich
 95186 | Pan      | Killed Zorchas the pandemonium lord
 95198 | Pan      | Bought 2 scrolls of fog for 136 gold pieces
 95198 | Pan      | Bought a scroll of magic mapping for 127 gold pieces
 95198 | Pan      | Bought 2 scrolls of teleportation for 102 gold pieces
 95211 | Pan      | Killed a dread lich
 95228 | Pan      | Found Zorchas's Assorted Sundries.
 95497 | Pan      | Found Zorchas's Demonic Rune Zone.
 95499 | Pan      | Found an opulent altar of Gozag.
 95529 | Pan      | Found Zorchas's Quality Elixirs.
 95853 | Depths:2 | Escaped Pandemonium
 96200 | Zot:5    | Got the Orb of Zot
 96570 | D:11     | Noticed Paumuhea the pandemonium lord
 96579 | D:11     | Killed Paumuhea the pandemonium lord
 96842 | D:$      | Escaped with the Orb!

Illustrated notes

Levels and vault maps discovered:
D:1:      spicycebolla_green_bress_n_ham_2, layout_loops_ring,
          ebering_ecumenical_altar_abandoned
D:2:      layout_rooms, serial_forest, infiniplex_forest_lined_2,
          infiniplex_forest_end_2, infiniplex_forest_split,
          infiniplex_forest_straight_5, uniq_jessica, uniq_terence, uniq_sigmund
D:3:      layout_basic
D:4:      layout_basic, slow_altar_2, mainiacjoe_overflow_six_doors_small,
          minmay_temple_entry_stoned_glass
D:5:      layout_basic, kennysheep_generic_room_5
D:6:      layout_basic
D:7:      layout_rooms, okawaru_metal_pillars_1_2, uniq_pikel
D:8:      layout_cave_pools, nicolae_qazlal_general_emergency, enter_bailey_5
D:9:      layout_roguey, pdpol_wu_jian_five_deadly_venoms,
          grunt_temple_overflow_open, lair_entry_dummy
D:10:     layout_rooms, nicolae_dithmenos_through_a_glass_darkly, uniq_nergalle,
          uniq_maurice, uniq_gastronok
D:11:     layout_loops_cross, orc_0_dummy, hangedman_ranch
D:12:     layout_loops_corners, serial_shops, shop
D:13:     layout_rooms, minmay_misc_feat_alley, nicolae_barding_shop
D:14:     layout_loops_ring, lightli_vaults_fourway_checkpoint,
          serial_park_square2, grunt_tough_drop
D:15:     hangedman_depths_entry_try_elsewhere_first, layout_stronghold,
          minmay_misc_feat_pillars, serial_glass, glass_columns_a,
          glass_columns_a, uniq_jorgrun
Temple:   nicolae_temple_x_marks_the_god
Lair:1:   layout_regular_city, hangedman_lair_unloving_vines, tgw_fedhas
Lair:2:   layout_roguey, chequers_serial_rivers_micro_b, uniq_harold
Lair:3:   wad_woods_structure_01, layout_hall_layers, swamp_mist_pool,
          minmay_snake_entry_guardpost_small, basic_altar, uniq_kirke
Lair:4:   layout_cave_shapes, gammafunk_ghost_abyssal_escape, lemuel_fruit_tree
Lair:5:   guppyfry_lair_end_dragon, layout_regular_city,
          hangedman_lair_caniforms_friends, dpeg_slime_entry_enclosed,
          gammafunk_ghost_cemetery, serial_bayou_crossing
Swamp:1:  layout_basic_swamp, nicolae_swamp_little_swirl
Swamp:2:  layout_basic_swamp, evilmike_swamp_ruin_house_6,
          infiniplex_staircase_pool_2, uniq_frances
Swamp:3:  layout_basic_swamp, evilmike_swamp_ruin_house_4
Swamp:4:  swamp, layout_basic_swamp, swamp_pool2
Snake:1:  layout_basic, st_stairs_2, minmay_shop_star
Snake:2:  layout_onion, grunt_megastairs_2
Snake:3:  layout_concentric_octagons, grunt_megastairs_4, uniq_vashnia
Snake:4:  hellmonk_snake_rune_quicksilver_temple, layout_concentric_octagons,
          uniq_mlioglotl
Slime:1:  cheibrodos_slime_lost_civilization_1, layout_caves
Slime:2:  layout_caves
Slime:3:  layout_caves
Slime:4:  layout_caves
Slime:5
Orc:1:    layout_caves, gammafunk_ghost_split, serial_shops, shop, shop,
          nicolae_shop_statue_plus, basic_altar
Orc:2:    st_orc_open, layout_caves, uniq_saint_roka
Elf:1:    nicolae_elf_arrival_aired_out, layout_onion_city, serial_shops, shop,
          evilmike_minifort, nicolae_elf_v_pinch
Elf:2:    nicolae_elf_blades_crystal_corner, layout_loops_cross, uniq_donald
Elf:3:    grunt_elf_hall_diamonds, layout_geoelf_diagonals, serial_shops,
          nicolae_shop_hallway_plus, minmay_elf_sorcery
Vaults:1: nicolae_vaults_three_branches, nicolae_vaults_holding_cells,
          vaults_room_fours, hangedman_vaults_maws, v_misc_10,
          nicolae_vaults_puzzle_piece, v_misc_9, ontoclasm_vaults_tryst,
          nicolae_vaults_bisected_slash, layout_vaults_omnigrid
Vaults:2: ontoclasm_vaults_spin, gammafunk_sealed_arena, hangedman_vaults_snaps,
          dpeg_vaults_monster_row, nicolae_vaults_ninety_degrees,
          dpeg_vaults_monster_box, v_pattern_2, vaults_mumra_lcd,
          hangedman_vaults_impose, nicolae_vaults_rhombus_5,
          layout_vaults_omnicross, serial_shops, bzr_entry_lakeside
Vaults:3: ontoclasm_vaults_ligature, ontoclasm_vaults_ring_square,
          ontoclasm_vaults_shout, v_misc_3, minmay_crypt_entry_skeletal_spiral,
          vaults_room_grid, vaults_dpeg_hooks,
          vaults_standard_mumra_enter_the_diamond, grunt_vaults_diagonal,
          grunt_vaults_hallway_long, v_alt_pattern_3, v_misc_9,
          layout_vaults_maze_bifur, serial_shops, nicolae_shop_statue_plus
Vaults:4: portal_desolation_entry_salt, ontoclasm_vaults_ring_large,
          nicolae_vaults_little_squares_4, hangedman_vaults_maws,
          vaults_room_grid, vaults_mumra_minichess, v_misc_18,
          grunt_vaults_focal, vaults_room_pool, ontoclasm_vaults_chip,
          nicolae_vaults_network_barrier, ontoclasm_vaults_loading_screen,
          v_misc_4, layout_vaults_big_room, uniq_aizul, uniq_margery
Vaults:5: serial_shops
Crypt:1:  layout_gridlike, grunt_crypt_arrival_webbed
Crypt:2:  layout_gridlike
Crypt:3:  grunt_crypt_end_deaths_head
Depths:1: layout_gridville, abyss_entry, hangedman_coc_ice_floe,
          patterned_corridor, vehumet_crystals, serial_bayou_shore_a,
          minmay_shoptagon
Depths:2: minmay_tile_spiral, layout_basic, hell_entry, lemuel_doored_altar,
          pan_entry, nicolae_shop_clearance, minmay_shop_grove,
          infiniplex_staircase_zigzag_3, serial_bayou_shore_b,
          serial_bayou_shore_b, serial_bayou_shore_b, uniq_nikola
Depths:3: minmay_the_grid_octo_tiled_octocenter [minmay_the_grid_octo_77,
          minmay_the_grid_octo_checkered, minmay_the_grid_octo_odd_swirl,
          minmay_the_grid_octo_chip,
          minmay_the_grid_octo_prize_square_snowflake,
          minmay_the_grid_square_5x5_doubleslash,
          minmay_the_grid_square_5x5_seven, minmay_the_grid_square_5x5_three,
          minmay_the_grid_square_5x5_hourglass], layout_gridville,
          serial_rivers, chequers_serial_rivers_room_a,
          chequers_serial_rivers_room_a, chequers_serial_rivers_large_a,
          chequers_serial_rivers_small_b, chequers_serial_rivers_small_a,
          chequers_serial_rivers_small_a, hangedman_geh_valley, serial_shops,
          shop, kennysheep_mini, shop, nicolae_shop_hallway_plus,
          abyss_entry_flame_altar, grunt_ministairs_13, minmay_shop_mayhem,
          uniq_josephina, uniq_enchantress
Depths:4: grunt_zot_entry_pinwheel, layout_basic, enter_ziggurat_e,
          nrook_mini_backslash, hell_entry, grunt_megastairs_3, uniq_sojobo,
          uniq_xtahua
Hell
Zot:1:    layout_twisted_circle, skrybe_zot_glass_3
Zot:2:    layout_concentric_octagons, lemuel_elevator
Zot:3:    layout_onion, hangedman_zot_spectrum
Zot:4:    layout_basic
Zot:5:    layout_cathedral_of_symmetry

Skill      XL: |  1  2  3  4  5  6  7  8  9 10 11 12 13 14 15 16 17 18 19 20 21 22 23 24 25 26 27 |
---------------+----------------------------------------------------------------------------------+-----
Axes           | 4 5 6 7 9 10 12 13 14 15 16 17 18 19 20 21 22 23 25 | 25.2
Armour         | 1 2 3 4 5 6 7 8 9 10 11 12 13 14 15 | 15.3
Fighting       | 3 4 5 6 7 9 10 11 12 13 14 15 16 17 19 22 | 22.5
Stealth        | 2 3 6 8 11 13 14 15 17 18 19 21 | 21.6
Shields        | 1 2 3 4 5 6 7 8 9 10 11 12 13 14 15 18 | 18.3
Dodging        | 3 4 5 6 7 8 9 10 11 12 | 12.8
Throwing       | 2 3 4 5 6 7 9 10 11 13 | 13.8
Invocations    | 4 6 7 9 10 11 12 13 14 15 16 17 21 | 21.6
Evocations     | 2 5 6 7 9 10 11 12 13 | 13.5
Polearms       | 4 7 8 14 | 14.9

Action                   |  1- 3 |  4- 6 |  7- 9 | 10-12 | 13-15 | 16-18 | 19-21 | 22-24 | 25-27 || total
-------------------------+-------+-------+-------+-------+-------+-------+-------+-------+-------++-------
Melee: War axe           |    85 |   110 |   255 |   751 |  1350 |  1538 |    86 |       |   124 ||  4299
       Punch             |       |     3 |       |       |       |       |       |       |       ||     3
       Flail             |       |       |       |     4 |    39 |       |       |       |       ||    43
       Constrict         |       |       |       |       |   247 |   276 |   292 |   267 |   619 ||  1701
       Hand axe          |       |       |       |       |    44 |   154 |       |       |       ||   198
       Battleaxe         |       |       |       |       |       |     7 |       |       |       ||     7
       Broad axe         |       |       |       |       |       |       |  1422 |  1710 |  2478 ||  5610
       Lance             |       |       |       |       |       |       |       |   277 |  1038 ||  1315
Throw: Javelin           |     1 |       |       |       |     3 |    10 |     2 |    15 |    22 ||    53
       Stone             |       |     3 |     4 |       |       |       |       |       |       ||     7
       Throwing net      |       |     2 |     4 |       |       |       |       |       |       ||     6
       Boomerang         |       |       |    12 |    34 |    33 |    34 |    39 |    81 |   122 ||   355
       Dart              |       |       |       |    23 |    17 |       |     4 |    12 |     1 ||    57
Invok: Heroism           |       |       |       |     7 |    12 |    23 |     9 |    18 |     3 ||    72
       Finesse           |       |       |       |     3 |     1 |     6 |     4 |     1 |       ||    15
       Duel              |       |       |       |     1 |       |     1 |     2 |     3 |       ||     7
       Divine Shield     |       |       |       |       |       |       |       |       |     3 ||     3
       Recite            |       |       |       |       |       |       |       |       |    16 ||    16
       Vitalisation      |       |       |       |       |       |       |       |       |    23 ||    23
       Donate Gold       |       |       |       |       |       |       |       |       |     1 ||     1
       Brand Weapon With |       |       |       |       |       |       |       |       |     1 ||     1
       Sanctuary         |       |       |       |       |       |       |       |       |     5 ||     5
 Abil: Spit Poison       |     8 |    27 |    35 |    36 |    34 |    11 |     6 |    10 |     9 ||   176
Evoke: Wand              |       |       |       |     1 |       |       |     1 |     5 |     6 ||    13
       Phial of floods   |       |       |       |       |       |       |       |     1 |       ||     1
  Use: Scroll            |       |       |     9 |     3 |    14 |     7 |    15 |    13 |    15 ||    76
       Potion            |       |       |       |     1 |       |     1 |     6 |     3 |    40 ||    51
 Stab: Held in net/web   |       |       |     1 |       |       |       |       |       |       ||     1
       Sleeping          |       |       |       |       |     7 |    25 |    23 |    13 |    23 ||    91
       Distracted        |       |       |       |       |     2 |     4 |     3 |     4 |    20 ||    33
       Invisible         |       |       |       |       |       |       |     1 |       |       ||     1
       Confused          |       |       |       |       |       |       |       |     1 |    34 ||    35
       Paralysed         |       |       |       |       |       |       |       |       |     1 ||     1
Armor: Leather armour    |    39 |       |       |       |       |       |       |       |       ||    39
       Chain mail        |       |    71 |   193 |   353 |  1250 |  1258 |   926 |   910 |  1908 ||  6869
Dodge: Dodged            |    47 |    36 |    83 |   177 |   378 |   496 |   398 |   416 |  1007 ||  3038
Block: Buckler           |       |     1 |    61 |   163 |   440 |   486 |    69 |   172 |  1614 ||  3006
       Kite shield       |       |       |       |       |       |       |   628 |   837 |       ||  1465
       Reflection        |       |       |       |       |       |       |    33 |    57 |   161 ||   251
       Rpst.: Broad axe  |       |       |       |       |       |       |       |    48 |   525 ||   573
       Lance             |       |       |       |       |       |       |       |    18 |   144 ||   162
       War axe           |       |       |       |       |       |       |       |       |    25 ||    25
